 Dungeon Crawl Stone Soup version 0.25-a0-302-g9f758675c1 (webtiles) character file.

Game seed: 10533652991355338701, levelgen mode: deterministic

5714 mopl the Ruffian (level 10, -5/71 HPs)
             Began as a Minotaur Transmuter on Dec 20, 2019.
             Was a Priest of Cheibriados.
             Killed by divine providence
             ... invoked by an orc priest
              (15 damage)
             ... on level 9 of the Dungeon.
             The game lasted 00:20:22 (11138 turns).

mopl the Ruffian (Minotaur Transmuter)             Turns: 11138, Time: 00:20:24

Health: -5/71      AC:  6    Str: 26    XL:     10   Next: 48%
Magic:  8/15       EV: 12    Int: 21    God:    Cheibriados [***...]
Gold:   197        SH:  0    Dex: 18    Spells: 2/17 levels left

rFire    . . .     SeeInvis .     - Unarmed
rCold    + . .     Gourm    .   (shield currently unavailable)
rNeg     . . .     Faith    .   S - +0 troll leather armour
rPois    .         Spirit   .   (helmet restricted)
rElec    .         Reflect  .   w - +1 cloak
rCorr    .         Harm     .   (gloves currently unavailable)
MR       .....                  (no boots)
Stlth    +.........             (no amulet)
HPRegen  0.61/turn              O - +2 ring of strength (curse)
MPRegen  0.14/turn              T - ring of protection from cold

@: blade hands, very slow
A: retaliatory headbutt, horns 2
a: End Transformation, Bend Time, Temporal Distortion, Renounce Religion


You were on level 9 of the Dungeon.
You worshipped Cheibriados.
Cheibriados was most pleased with you.
You were hungry.
You had blades for hands.
You visited 1 branch of the dungeon, and saw 9 of its levels.

You collected 414 gold pieces.
You spent 217 gold pieces at shops.

Inventory:

Hand Weapons
 b - a +0 hunting sling
 u - a +1 dagger of venom
 K - a +1 vampiric great sword
Missiles
 a - 202 arrows
 c - 266 stones (quivered)
 f - 11 poisoned darts
 g - 65 sling bullets
 q - 9 atropa-tipped darts
 z - a throwing net
 E - 2 silver boomerangs
 J - 5 boomerangs
Armour
 v - a +0 plate armour
 w - a +1 cloak (worn)
 H - a +2 scale mail of magic resistance
 M - a +1 leather armour of magic resistance
 S - a +0 troll leather armour (worn)
Jewellery
 O - a cursed +2 ring of strength (left scythe-like blade)
 T - a ring of protection from cold (right scythe-like blade)
Wands
 e - a wand of digging (9)
 x - a wand of flame (7)
 y - a wand of enslavement (14)
 G - a wand of acid (16)
 I - a wand of iceblast (7)
 L - a wand of scattershot (4)
 Q - a wand of paralysis (8)
Scrolls
 h - 6 scrolls of identify
 i - 4 scrolls of enchant armour
 k - 5 scrolls of teleportation
 l - 3 scrolls of fog
 m - 2 scrolls of immolation
 n - 4 scrolls of amnesia
 p - 2 scrolls of enchant weapon {unknown}
 r - 3 scrolls of remove curse
 A - a scroll of random uselessness {unknown}
 B - a scroll of vulnerability {unknown}
 D - 3 scrolls of noise
 F - 3 scrolls of magic mapping {unknown}
 N - a scroll of blinking {unknown}
Potions
 j - 2 potions of brilliance
 o - 5 potions of curing
 s - a potion of magic
 C - a potion of agility
 P - 2 potions of flight
Miscellaneous
 t - a lightning rod (4/4)
Comestibles
 d - 20 rations
 R - 17 chunks of flesh


   Skills:
 - Level 1.2 Fighting
 + Level 5.2 Throwing
 - Level 2.1 Dodging
 + Level 7.8 Unarmed Combat
 - Level 4.0 Spellcasting
 * Level 7.5 Transmutations
 - Level 4.0 Ice Magic
 - Level 2.0 Poison Magic
 + Level 5.5 Invocations


You had 2 spell levels left.
You knew the following spells:

 Your Spells              Type           Power        Failure   Level  Hunger
a - Beastly Appendage     Tmut           #####.       13%         1    None
b - Spider Form           Tmut/Pois      ###.......   36%         3    ###....
c - Blade Hands           Tmut           #####.....   58%         5    ######.
d - Ice Form              Ice/Tmut       ####....     52%         4    ####...
w - Sticks to Snakes      Tmut           #####...     14%         2    #......

Your spell library contained the following spells:

 Spells                   Type           Power        Failure   Level  Hunger
 Summon Small Mammal      Summ           #...         54%         1    None
 Call Imp                 Summ           #.......     63%         2    #......
 Call Canine Familiar     Summ           #.......     80%         3    ###....
 Summon Guardian Golem    Hex/Summ       #.......     80%         3    ###....
 Summon Ice Beast         Ice/Summ       ##......     88%         4    ####...
 Summon Lightning Spire   Summ/Air       #.......     98%         4    ####...


Dungeon Overview and Level Annotations

Branches:
Dungeon (9/15)             Temple (0/1) D:6             Orc (0/2) D:9
   Lair: D:8-11

Altars:
Cheibriados
Nemelex Xobeh
Sif Muna
Trog
Yredelemnul

Shops:
D:4 =}[(   D:8 *


Innate Abilities, Weirdness & Mutations

You reflexively headbutt those who attack you in melee.
You have a pair of horns on your head.


Message History

The orc throws a boomerang.
The boomerang misses you.
The weapon returns to the orc!
The orc throws a boomerang.
The boomerang barely misses you.
The weapon returns to the orc!
You feel sick.
An orc wizard comes into view. It is wielding a +0 dagger.
You feel sick.
The orc hits you from afar with a +0 trident!
* * * LOW HITPOINT WARNING * * *
You feel better.
The orc hits you from afar with a +0 trident.
* * * LOW HITPOINT WARNING * * *
Unknown command.
The orc wizard shouts!
The orc priest shouts!
You hear a shout!
The orc barely misses you. You furiously retaliate!
You headbutt the orc!
You kill the orc!
Cheibriados thoroughly appreciates the change of pace.
The orc priest mumbles some strange prayers to Beogh against you.
Beogh smites you!
You die...

#..##..........................
#....†........................
#...))....................##.
...))##...............o...##...
.....##.....(.......†...[......
..........##..........##o......
))........##....##....##...)...
................##.o.......?...
#...............@).........h...
#########.#.###.......####.....
#... ###'##### ..h.. ###. #..
..... .#. .... .. ## ##.


You could see an orc priest and an orc wizard.

Vanquished Creatures
  Joseph (D:8)
  2 trolls (D:9)
  3 hippogriffs
  Prince Ribbit (D:8)
  Grum (D:8)
  3 wargs (D:9)
  4 sky beasts
  3 ice beasts
  4 orc warriors
  2 phantoms
  2 black bears
  4 wolves
  3 centaurs
  3 ogres
  A big kobold (D:8)
  A bullfrog (D:7)
  A wyvern skeleton (D:6)
  3 scorpions
  2 howler monkeys
  2 crimson imps
  3 hounds
  2 jellies
  A centaur skeleton (D:8)
  8 orc priests
  An iguana (D:4)
  4 orc wizards
  6 worker ants
  A killer bee zombie (D:8)
  A hound skeleton (D:5)
  A worker ant zombie (D:5)
  11 gnolls
  11 adders
  A shadow imp (D:8)
  An ooze (D:1)
  An adder skeleton (D:4)
  3 adder zombies
  2 worms
  3 dart slugs
  4 leopard geckos
  35 orcs
  5 bats
  7 giant cockroaches
  7 goblins
  6 hobgoblins
  5 jackals (D:3)
  5 quokkas
  6 frilled lizards
  A jackal skeleton (D:8)
  7 kobolds
  A leopard gecko skeleton (D:8)
  6 rats
202 creatures vanquished.

Vanquished Creatures (others)
  A black bear (D:6)
1 creature vanquished.

Grand Total: 203 creatures vanquished

Notes
Turn   | Place    | Note
-------+----------+-------------------------------------------
     0 | D:1      | mopl the Minotaur Transmuter began the quest for the Orb.
     0 | D:1      | Reached XP level 1. HP: 16/16 MP: 1/1
    32 | D:1      | You fall into a shaft and drop 1 floor!
   367 | D:1      | Reached XP level 2. HP: 23/23 MP: 1/3
   373 | D:1      | Learned a level 2 spell: Sticks to Snakes
   721 | D:1      | Reached skill level 2 in Spellcasting
   721 | D:1      | Reached skill level 2 in Transmutations
  1033 | D:2      | Reached XP level 3. HP: 27/28 MP: 3/5
  1038 | D:2      | Learned a level 3 spell: Spider Form
  1793 | D:2      | Found a shimmering blue altar of Sif Muna.
  2254 | D:3      | Reached XP level 4. HP: 27/35 MP: 4/6
  2461 | D:3      | Reached skill level 4 in Unarmed Combat
  2789 | D:3      | Reached XP level 5. HP: 34/40 MP: 6/8
  3148 | D:3      | Reached skill level 1 in Poison Magic
  3391 | D:4      | Noticed an ogre
  3411 | D:3      | Killed an ogre
  3411 | D:3      | Reached skill level 3 in Spellcasting
  3468 | D:4      | Reached XP level 6. HP: 23/47 MP: 3/9
  3647 | D:4      | Found Gotwi's Antique Armour Boutique.
  3992 | D:4      | Found Yleqasua's Antique Weapon Shop.
  4026 | D:4      | Reached skill level 3 in Transmutations
  4130 | D:4      | Found a snail-covered altar of Cheibriados.
  4134 | D:4      | Became a worshipper of Cheibriados the Contemplative
  4246 | D:4      | Learned a level 4 spell: Ice Form
  4288 | D:4      | Reached XP level 7. HP: 33/52 MP: 8/11
  4523 | D:4      | Found a bloodstained altar of Trog.
  4554 | D:4      | Found Lymim's Jewellery Shop.
  4596 | D:4      | Found Fusus Esot's Gadget Boutique.
  4964 | D:5      | Entered Level 5 of the Dungeon
  5057 | D:5      | Reached skill level 2 in Poison Magic
  5222 | D:5      | Reached skill level 5 in Unarmed Combat
  5222 | D:5      | Reached skill level 1 in Invocations
  6037 | D:6      | Found a staircase to the Ecumenical Temple.
  6172 | D:6      | Reached skill level 1 in Ice Magic
  6209 | D:6      | Reached * piety under Cheibriados
  6218 | D:6      | Reached skill level 4 in Spellcasting
  6478 | D:6      | Reached skill level 4 in Transmutations
  6488 | D:6      | Reached skill level 1 in Throwing
  6488 | D:6      | Reached XP level 8. HP: 20/59 MP: 8/13
  6494 | D:6      | Reached skill level 2 in Invocations
  6583 | D:6      | HP: 2/59 [sky beast (6)]
  7073 | D:6      | Reached skill level 2 in Throwing
  7160 | D:7      | Reached skill level 2 in Ice Magic
  7378 | D:7      | Reached skill level 6 in Unarmed Combat
  7378 | D:7      | Reached skill level 5 in Transmutations
  7378 | D:7      | Reached skill level 3 in Invocations
  7514 | D:7      | Noticed a hippogriff
  7803 | D:7      | Noticed a hippogriff
  7810 | D:7      | Reached ** piety under Cheibriados
  7814 | D:7      | Killed a hippogriff
  7814 | D:7      | Reached skill level 3 in Throwing
  7814 | D:7      | Reached XP level 9. HP: 33/64 MP: 11/14
  8476 | D:7      | Learned a level 5 spell: Blade Hands
  8499 | D:8      | Noticed Grum
  8517 | D:7      | Reached skill level 4 in Invocations
  8779 | D:8      | Noticed Joseph
  8789 | D:7      | Reached skill level 6 in Transmutations
  8991 | D:8      | Killed Joseph
  8991 | D:8      | Reached skill level 3 in Ice Magic
  9325 | D:8      | Noticed Prince Ribbit
  9352 | D:8      | HP: 2/64 [Prince Ribbit (18)]
  9355 | D:8      | Killed Prince Ribbit
  9355 | D:8      | Reached skill level 4 in Throwing
  9355 | D:8      | Reached skill level 7 in Unarmed Combat
  9750 | D:8      | Killed Grum
  9930 | D:8      | Reached XP level 10. HP: 39/71 MP: 15/15
 10268 | D:8      | Found a basalt altar of Yredelemnul.
 10406 | D:8      | Found Dytinibiu's Assorted Antiques.
 10414 | D:8      | Bought a scroll of identify for 62 gold pieces
 10414 | D:8      | Bought a scroll of identify for 62 gold pieces
 10414 | D:8      | Bought a potion of curing for 93 gold pieces
 10607 | D:8      | Reached skill level 5 in Invocations
 10904 | D:9      | Found a sparkling altar of Nemelex Xobeh.
 10935 | D:9      | Reached skill level 7 in Transmutations
 10963 | D:9      | Reached *** piety under Cheibriados
 11059 | D:9      | Reached skill level 5 in Throwing
 11090 | D:9      | Found a staircase to the Orcish Mines.
 11121 | D:9      | Reached skill level 4 in Ice Magic
 11138 | D:9      | Killed from afar by an orc priest

Levels and vault maps discovered:
D:1:      ebering_trefoil_twist, layout_basic
D:2:      layout_basic, lemuel_blue_sif_altar
D:3:      layout_rooms, serial_bayou_lagoon_a, kennysheep_generic_room_7
D:4:      layout_cave_pools, kennysheep_slug_shrine, serial_shops,
          nicolae_shop_crystal, shop,
          nicolae_shop_temple_entry_statues_fountains, shop, serial_rivers,
          chequers_serial_rivers_large_b, chequers_serial_rivers_large_a,
          chequers_serial_rivers_small_b, chequers_serial_rivers_micro_a,
          bloody_trog
D:5:      layout_basic, first_ration
D:6:      black_bear_nest_1, layout_gridville,
          minmay_temple_entry_statues_pillars
D:7:      layout_basic, st_stairs_10
D:8:      layout_basic, serial_shops, shop, basic_altar, blue_anna_alchemist
          [blue_anna_fruit_fields, blue_anna_fruit_fields], uniq_prince_ribbit1,
          uniq_joseph, uniq_grum
D:9:      layout_basic, erik_lair_orcish_takeover, erik_orc_4,
          nemelex_diamond_rough_becter

Skill      XL: |  1  2  3  4  5  6  7  8  9 10 |
---------------+-------------------------------+-----
Spellcasting   | 2 3 4 |  4.0
Transmutations | 2 3 4 5 6 7 |  7.5
Unarmed Combat | 4 5 6 7 |  7.8
Poison Magic   | 1 2 |  2.0
Invocations    | 1 3 4 5 |  5.5
Ice Magic      | 1 2 3 4 |  4.0
Throwing       | 1 3 4 5 |  5.2
Fighting       | |  1.2
Dodging        | |  2.1

Action                   |  1- 3 |  4- 6 |  7- 9 | 10-12 || total
-------------------------+-------+-------+-------+-------++-------
Melee: Unarmed           |    87 |   133 |   271 |    98 ||   589
       Headbutt          |     6 |    13 |    16 |    10 ||    45
       Dagger            |     3 |       |       |       ||     3
       Kick              |     9 |     5 |     9 |       ||    23
       Punch             |     1 |       |     5 |       ||     6
 Fire: Hunting sling     |       |       |    98 |       ||    98
 Cast: Beastly Appendage |    19 |     8 |     5 |       ||    32
       Spider Form       |       |    10 |    28 |     5 ||    43
       Sticks to Snakes  |       |       |     2 |       ||     2
       Blade Hands       |       |       |       |     2 ||     2
       Ice Form          |       |       |       |     1 ||     1
 Abil: End Transformatio |       |       |     2 |       ||     2
Evoke: Wand              |       |       |     5 |     2 ||     7
  Use: Scroll            |     2 |     2 |    10 |     1 ||    15
       Potion            |       |       |     5 |     1 ||     6
  Eat: Chunk             |     5 |     8 |    12 |     3 ||    28
       Ration            |       |       |     1 |       ||     1
Armor: Robe              |    10 |    12 |    17 |     2 ||    41
       Skin              |       |     4 |    17 |     5 ||    26
       Troll leather arm |       |       |       |     3 ||     3
Dodge: Dodged            |    60 |   100 |   234 |    74 ||   468

Table legend:
 A = Non-vault XP
 B = Vault XP
 C = Vault XP percentage of total XP
 D = Non-vault monster count
 E = Vault monster count
 F = Vault count percentage of total count
                 A         B        C        D         E       F
            +---------+---------+-------+---------+---------+-------
      Total |    5725 |    2439 |  29.9 |     172 |      31 |  15.3
            +---------+---------+-------+---------+---------+-------
        D:1 |      38 |       0 |   0.0 |      19 |       0 |   0.0
        D:2 |      50 |       0 |   0.0 |      14 |       0 |   0.0
        D:3 |     296 |       5 |   1.7 |      32 |       2 |   5.9
        D:4 |     408 |       4 |   1.0 |      25 |       1 |   3.8
        D:5 |     225 |       0 |   0.0 |       8 |       0 |   0.0
        D:6 |     902 |     121 |  11.8 |      25 |       1 |   3.8
        D:7 |    1572 |     280 |  15.1 |      21 |       4 |  16.0
        D:8 |     919 |    1243 |  57.5 |      17 |       6 |  26.1
        D:9 |    1315 |     786 |  37.4 |      11 |      17 |  60.7
            +---------+---------+-------+---------+---------+-------
